 Dungeon Crawl Stone Soup version 0.28.0-45-g0d030f2227 (webtiles) character file.

Game seed: 2028458054698982025

2064 MisterFreud the Arsonist (level 9, -2/73 HPs)
             Began as a Naga Fire Elementalist on Mar 31, 2022.
             Slain by Harold
             ... wielding a +0 glaive
              (24 damage)
             ... on level 7 of the Dungeon.
             The game lasted 00:15:24 (8432 turns).

MisterFreud the Arsonist (Naga Fire Elementalist)   Turns: 8432, Time: 00:15:24

Health: -2/73      AC:  8    Str: 15    XL:     9   Next: 25%
Magic:  20/27      EV:  9    Int: 20    God:
Gold:   667        SH:  4    Dex: 16    Spells: 15/20 levels left

rFire   . . .      SeeInvis +   v - +0 whip (freeze)
rCold   . . .      Faith    .   i - +1 buckler
rNeg    . . .      Spirit   .   a - +0 robe
rPois   +          Reflect  .   (no helmet)
rElec   .          Harm     +   (no cloak)
rCorr   .          Rampage  .   (no gloves)
Will    +....                   (no barding)
Stlth   ++........              I - amulet "Lyanni" {Harm Regen+ Str+4 Dex+5}
HPRegen 1.02/turn               o - ring of magical power
MPRegen 0.20/turn               C - +4 ring of protection

@: marked, very slow
A: AC +3, large, see invisible, deformed body, poison resistance, slowness 2,
spit poison 1, naga tail 1
a: Spit Poison


You were on level 7 of the Dungeon.
You visited 1 branch of the dungeon, and saw 7 of its levels.
You also visited: Sewer.

You collected 667 gold pieces.

Inventory:

Hand Weapons
 h - a +1 vorpal spear
 j - a +0 short sword
 v - a +0 whip of freezing (weapon)
Armour
 a - a +0 robe (worn)
 i - a +1 buckler (worn)
Jewellery
 o - a ring of magical power (left hand)
 p - an amulet of faith
 C - a +4 ring of protection (right hand)
 E - a ring of protection from fire
 I - the amulet "Lyanni" (around neck) {Harm Regen+ Str+4 Dex+5}
   (You found it on level 6 of the Dungeon)

   [amulet of regeneration]

   Str:       It affects your strength (+4).
   Dex:       It affects your dexterity (+5).
   Regen:     It increases your rate of health regeneration.
   Harm:      It increases damage dealt and taken.
Wands
 k - a wand of acid (7)
 m - a wand of flame (85)
 J - a wand of paralysis (8)
Scrolls
 c - 2 scrolls of enchant armour
 g - 6 scrolls of teleportation
 l - a scroll of torment {unknown}
 n - 2 scrolls of vulnerability {unknown}
 q - a scroll of silence {unknown}
 r - 3 scrolls of identify {unknown}
 s - a scroll of holy word {unknown}
 u - 2 scrolls of amnesia {unknown}
 y - a scroll of enchant weapon {unknown}
 B - a scroll of summoning {unknown}
 F - a scroll of fog {unknown}
 G - a scroll of blinking {unknown}
Potions
 b - a potion of berserk rage {unknown}
 d - 4 potions of flight
 e - a potion of mutation {unknown}
 f - 3 potions of brilliance {unknown}
 t - a potion of lignification {unknown}
 w - a potion of haste {unknown}
 x - a potion of curing {unknown}
 z - 3 potions of magic {unknown}
 A - 3 potions of attraction {unknown}
 D - a potion of ambrosia {unknown}
 H - a potion of might {unknown}
 K - a potion of degeneration {unknown}


   Skills:
 + Level 1.8 Fighting
 - Level 1.5 Dodging
 - Level 3.0 Stealth
 - Level 6.0 Spellcasting
 - Level 3.0 Conjurations
 - Level 10.0 Fire Magic


You had 15 spell levels left.
You knew the following spells:

 Your Spells              Type           Power      Damage    Failure   Level
a - Foxfire               Conj/Fire      100%       2x1d9     1%          1
b - Scorch                Fire           92%        2d10      1%          2
c - Searing Ray           Conj           36%        2d5       6%          2

Your spell library contained the following spells:

 Spells                   Type           Power      Damage    Failure   Level
 Conjure Flame            Conj/Fire      32%        6-21      2%          3
 Magic Dart               Conj           72%        1d6       3%          1
 Inner Flame              Hex/Fire       26%        N/A       4%          3
 Flame Wave               Conj/Fire      32%        2d8       9%          4
 Animate Skeleton         Necr           12%        N/A       13%         1
 Apportation              Tloc           12%        N/A       13%         1
 Freeze                   Ice            24%        1d5       13%         1
 Pain                     Necr           24%        1d5       13%         1
 Summon Small Mammal      Summ           24%        N/A       13%         1
 Ensorcelled Hibernation  Hex/Ice        12%        N/A       21%         2
 Frozen Ramparts          Ice            12%        1d3       36%         3
 Spider Form              Tmut/Pois      6%         N/A       36%         3
 Fulminant Prism          Conj/Hex       6%         3d7       56%         4
 Hailstorm                Conj/Ice       12%        3d5       56%         4
 Anguish                  Hex/Necr       3%         N/A       78%         4
 Freezing Cloud           Conj/Ice/Air   5%         6-21      94%         5
 Agony                    Necr           6%         N/A       98%         5
 Excruciating Wounds      Necr           3%         N/A       98%         5
 Simulacrum               Ice/Necr       3%         N/A       100%        6
 Polar Vortex             Ice            3%         N/A       100%        9


Dungeon Overview and Level Annotations

Branches:
Dungeon (7/15)              Sewer (visited)
 Temple: D:4-7

Altars:
Hepliaklqana

Annotations:
D:3 1 runed translucent door, jacek's ghost, amateur HOMo
D:7 Harold


Innate Abilities, Weirdness & Mutations

Your serpentine skin is tough. (AC +3)
You have supernaturally acute eyesight. (SInv)
Armour fits poorly on your strangely shaped body.
Your system is resistant to poisons. (rPois)
You cover ground very slowly.
You can spit poison.
You have a snake-like lower body.


Message History

Casting: Scorch (safe; 1% risk of failure)
Confirm with . or Enter, or press ? or * to list all spells.
Flames lash Harold.
Harold is burned terribly!
Harold is lightly wounded.
Harold hits you from afar with a +0 glaive!
Unknown command.
Casting: Scorch (safe; 1% risk of failure)
Confirm with . or Enter, or press ? or * to list all spells.
Flames lash Harold but do no damage.
Harold hits you from afar with a +0 glaive!!
Unknown command.
Casting: Scorch (safe; 1% risk of failure)
Confirm with . or Enter, or press ? or * to list all spells.
Flames lash Harold.
Harold is burned terribly!
Harold is moderately wounded.
Harold fires a harpoon shot at you. The harpoon shot hits you!
* * * LOW HITPOINT WARNING * * *
You are yanked forward by the harpoon shot.
Unknown command.
Unknown command.
Unknown command.
Aiming: Paralyse
Press: ? - help, Shift-Dir - straight line, f - Harold
Aim: Harold, wielding a +0 glaive, wearing a +2 chain mail of cold resistance, quivering 2 throwing nets and carrying a wand of digging (4) (moderately wounded, more vulnerable to fire, chance to affect: 17%)
Okay, then.
Unknown command.
Aiming: Corrosive Bolt
Press: ? - help, Shift-Dir - straight line, f - Harold
Aim: Harold, wielding a +0 glaive, wearing a +2 chain mail of cold resistance, quivering 2 throwing nets and carrying a wand of digging (4) (moderately wounded, more vulnerable to fire, 86% to hit)
The bolt of acid misses Harold.
Harold casts a spell at you. The mark upon you grows brighter.
Aiming: Corrosive Bolt
Press: ? - help, Shift-Dir - straight line, f/p - Harold
Aim: Harold, wielding a +0 glaive, wearing a +2 chain mail of cold resistance, quivering 2 throwing nets and carrying a wand of digging (4) (moderately wounded, more vulnerable to fire, 86% to hit)
The bolt of acid hits Harold!
The acid corrodes Harold!
Harold is heavily wounded.
Harold hits you with a +0 glaive!!
You die...

.... #### ....#######...#
.............#
#...........#
#.......$...#
#...........#
#....@......#
####....@......#
...............#
###...........##.#
#........).....##
##........#....... >..
#...##+####.....# ..#
###+#.##.# #.....# ..).
#.....##.# #.....# #..#
#......#.####.....####..#


You could see Harold (combustible, corroded).

Vanquished Creatures
  2 black bears
  3 ice beasts
  A necrophage (D:4)
  2 centaurs
  2 phantoms (D:5)
  A bullfrog (D:6)
  A scorpion (D:5)
  A water moccasin skeleton (D:5)
  2 howler monkeys
  A bullfrog zombie (D:7)
  2 orc priests
  A bullfrog skeleton (D:2)
  2 hounds (D:6)
  2 iguanas
  Natasha (thrice) (D:2)
  A merfolk siren (Sewer)
  7 orc wizards (D:4)
  A merfolk avatar (Sewer)
  A hound zombie (D:5)
  A hound skeleton (D:4)
  6 gnolls (D:4)
  20 adders
  5 river rats
  An ufetubus (D:5)
  2 adder skeletons
  2 worms
  2 dart slugs
  11 orcs
  5 endoplasms
  4 giant cockroaches
  5 goblins
  12 hobgoblins
  7 jackals
  10 kobolds
  5 quokkas
  16 ball pythons
  3 bats
  3 frilled lizards
  A jackal skeleton (D:4)
  24 rats
  A rat zombie (D:5)
182 creatures vanquished.

Vanquished Creatures (others)
  49 foxfires
49 creatures vanquished.

Grand Total: 231 creatures vanquished

Notes
Turn   | Place    | Note
-------+----------+-------------------------------------------
     0 | D:1      | MisterFreud the Naga Fire Elementalist began the quest for
                  | the Orb.
     0 | D:1      | Reached XP level 1. HP: 15/15 MP: 3/3
   192 | D:1      | Reached XP level 2. HP: 22/22 MP: 3/5
   689 | D:1      | Found a faded altar of an unknown god.
  1182 | D:2      | Reached XP level 3. HP: 28/28 MP: 6/6
  1185 | D:2      | Learned a level 2 spell: Scorch
  1445 | D:2      | Noticed Natasha
  1456 | D:2      | Killed Natasha
  1457 | D:2      | Reached XP level 4. HP: 33/36 MP: 0/7
  1525 | D:2      | Noticed Natasha
  1529 | D:2      | Killed Natasha
  1535 | D:2      | Noticed Natasha
  1540 | D:2      | Killed Natasha
  1541 | D:2      | Reached XP level 5. HP: 25/42 MP: 0/9
  1671 | D:2      | Reached skill level 4 in Fire Magic
  2619 | D:2      | Reached XP level 6. HP: 27/49 MP: 4/11
  2690 | D:3      | Found a glowing drain.
  2699 | Sewer    | Entered a sewer
  3120 | Sewer    | Learned a level 2 spell: Searing Ray
  3317 | Sewer    | Reached skill level 5 in Fire Magic
  4203 | D:3      | Found a runed translucent door.
  4621 | D:3      | Noticed jacek's ghost (amateur HOMo)
  4627 | D:3      | Noticed a water moccasin
  4782 | D:3      | Reached XP level 7. HP: 34/55 MP: 13/13
  4920 | D:4      | Reached skill level 6 in Fire Magic
  5260 | D:4      | Reached skill level 7 in Fire Magic
  5588 | D:4      | Reached XP level 8. HP: 35/62 MP: 11/14
  6471 | D:5      | Entered Level 5 of the Dungeon
  6552 | D:5      | Reached skill level 8 in Fire Magic
  6660 | D:5      | Reached skill level 5 in Spellcasting
  7093 | D:5      | Found the +4 dagger "Morg" {pain, Will+ Int+5}
  7603 | D:6      | Reached skill level 9 in Fire Magic
  7715 | D:6      | Identified the +2 hunting sling "Enaeschoa" {flame, *Slow
                  | rPois Dex+5 Stlth+}
  7722 | D:6      | Reached XP level 9. HP: 59/68 MP: 18/18
  7769 | D:6      | Identified the amulet "Lyanni" {Harm Regen+ Str+4 Dex+5}
  7840 | D:6      | Found a hazy altar of Hepliaklqana.
  8315 | D:7      | Reached skill level 10 in Fire Magic
  8320 | D:7      | Reached skill level 1 in Fighting
  8422 | D:7      | Noticed Harold
  8432 | D:7      | Slain by Harold

Illustrated notes

Levels and vault maps discovered:
D:1:      pf_arrival_petrified_forest, layout_basic,
          chequers_ecumenical_altar_simple_redux, chequers_serial_rivers_small_3
D:2:      layout_loops_corners, uniq_natasha
D:3:      layout_basic, ebering_ghost_inner_flame, portal_sewer_entry_e
D:4:      minmay_polygon_palace, layout_rooms,
          minmay_a_box_with_orc_wizards_in_it
D:5:      layout_loops_ring, enter_ossuary_4
D:6:      layout_loops_ring, mainiacjoe_overflow_tiny_flanked
D:7:      layout_basic, mainiacjoe_overflow_alcove_4,
          minmay_temple_entry_overgrown, uniq_harold

Skill      XL: |  1  2  3  4  5  6  7  8  9 |
---------------+----------------------------+-----
Conjurations   | 2 3 |  3.0
Spellcasting   | 3 4 6 |  6.0
Fire Magic     | 4 5 7 9 10 | 10.0
Fighting       | 1 |  1.8
Dodging        | |  1.5
Stealth        | |  3.0

Action                   |  1- 3 |  4- 6 |  7- 9 || total
-------------------------+-------+-------+-------++-------
Melee: Short sword       |     4 |    64 |       ||    68
       Whip              |       |     3 |    48 ||    51
 Cast: Foxfire           |    18 |     2 |     7 ||    27
       Scorch            |     7 |    72 |   126 ||   205
       Searing Ray       |       |     2 |       ||     2
 Abil: Spit Poison       |    14 |    24 |       ||    38
Evoke: Wand              |       |     2 |     4 ||     6
  Use: Scroll            |       |     4 |       ||     4
 Stab: Sleeping          |       |     2 |       ||     2
Armor: Robe              |       |    16 |    21 ||    37
Dodge: Dodged            |     8 |    38 |    39 ||    85
Block: Buckler           |     3 |    15 |    22 ||    40
